 Dungeon Crawl Stone Soup version 0.21-a0-137-g951aa02 (webtiles) character file.

4 Charly the Charmwright (level 1, 4/17 HPs)
             Began as a Centaur Skald on July 19, 2017.
             Quit the game on level 5 of the Dungeon.
             The game lasted 00:02:28 (263 turns).

Charly the Charmwright (Centaur Skald)               Turns: 263, Time: 00:02:28

Health: 4/17       AC:  4    Str: 13    XL:     1   Next: 58%
Magic:  3/3        EV:  9    Int: 12    God:
Gold:   15         SH:  0    Dex:  8    Spells: 2/3 levels left

rFire    . . .     SeeInvis .   i - -2 short sword (curse)
rCold    . . .     Gourm    .   (no shield)
rNeg     . . .     Faith    +   a - +0 leather armour
rPois    .         Spirit   .   (no helmet)
rElec    .         Reflect  .   (no cloak)
rCorr    .         Harm     .   (no gloves)
MR       .....                  (no barding)
Stlth    ..........             g - amulet of faith
HPRegen  0.05/turn              (no ring)
MPRegen  0.08/turn              (no ring)

@: very quick
A: hooves 3, deformed body, speed 2, tough skin 3
a: no special abilities


You were on level 5 of the Dungeon.
You were not hungry.

You visited 1 branch of the dungeon, and saw 5 of its levels.

You collected 15 gold pieces.

Inventory:

Hand Weapons
 i - a cursed -2 short sword (weapon)
Missiles
 h - 8 javelins (quivered)
Armour
 a - a +0 leather armour (worn)
Jewellery
 g - an amulet of faith (around neck)
Potions
 d - 2 potions of heal wounds
 e - a potion of haste {unknown}
 j - a potion of curing {unknown}
Books
 b - a book of Battle

   Spells                             Type                      Level
   a - Infusion                       Charms                       1
   b - Shroud of Golubria             Charms/Translocation         2
   c - Song of Slaying                Charms                       2
   d - Spectral Weapon                Hexes/Charms                 3
   e - Regeneration                   Charms/Necromancy            3
Comestibles
 c - a bread ration
 f - a meat ration


   Skills:
 - Level 2.0 Fighting
 - Level 0.6 Armour
 - Level 1.3 Dodging
 + Level 2.4 Unarmed Combat
 - Level 1.5 Spellcasting
 - Level 2.6 Charms


You had 2 spell levels left.
You knew the following spells:

 Your Spells              Type           Power        Failure   Level  Hunger
a - Infusion              Chrm           #...         12%         1    ##.....


Dungeon Overview and Level Annotations

Branches:
Dungeon (5/15)
 Temple: D:4-7

Altars:
Vehumet


Innate Abilities, Weirdness & Mutations

You have hooves in place of feet.
Armour fits poorly on your strangely shaped body.
You cover ground very quickly.
You have extremely tough skin. (AC +3)


Message History

The leopard gecko hisses angrily.
Found six items.
There is a stone staircase leading up here.
You see here 4 javelins.
h - 8 javelins (gained 4)
Your magical contamination has completely faded away.
Found a stone staircase leading down. 2 orcs come into view.
The orc shouts! x2
An orc wizard comes into view. It is wielding a dagger.
An orc comes into view. It is wielding a dagger.
The orc wizard mumbles some strange words.
The orc wizard flickers and vanishes!
Found 13 poisoned needles.
Found a glowing ruby potion.
An orc priest comes into view. It is wielding a hand axe.
The orc priest shouts!
An orc wizard comes into view. It is wielding a dagger.
The orc wizard shouts!
Are you sure you want to abandon this character and quit the game? (Confirm with "yes".)

.................o....>.
....(.####...o###o.....#
#..............##..l...
.#.........o...#####..#
.......(.........#.#..#
.#...........#.#....#
#...........#.#....#
#................#.#
#..@...........#.#l.
#................#..
#..(........###..#..
##(......<......[#.#
....####..).....#..
.o...! #........#.#
...... #...........
o......# #...........
...............


You could see an orc priest, an orc wizard and 2 orcs.

Vanquished Creatures
  A dart slug (D:3)
  A hobgoblin (D:2)
  A rat (D:1)
3 creatures vanquished.

Notes
Turn   | Place    | Note
-------+----------+-------------------------------------------
     0 | D:1      | Charly the Centaur Skald began the quest for the Orb.
     0 | D:1      | Reached XP level 1. HP: 17/17 MP: 3/3
   166 | D:4      | Noticed an orc wizard
   171 | D:4      | Noticed a worker ant
   189 | D:4      | Found a radiant altar of Vehumet.
   192 | D:4      | Noticed a worker ant
   227 | D:5      | Entered Level 5 of the Dungeon
   248 | D:5      | Noticed an orc wizard
   261 | D:5      | Noticed an orc priest
   262 | D:5      | Noticed an orc wizard
   263 | D:5      | Quit the game

Vault maps used:
D:1:      minmay_arrival_doors, st_stairs_11
D:2:      old_standard_altar
D:4:      vehumet_altar_wand_db, first_bread
D:5:      grunt_temple_overflow_open, chequers_ossuary_entry_cave,
          minmay_shop_grid_forest

Action                   || total
-------------------------++-------
Melee: Unarmed           ||     9
       Kick              ||     2
 Cast: Infusion          ||     1
  Use: Scroll            ||     4
Armor: Leather armour    ||     4
Dodge: Dodged            ||     2
